Map: Nightshade LE

Players

Awers - Winner!

  • Race: Terran Terran
  • League: Master
  • Spawn Location: 11:00

lIlIlIlIlIlI

  • Race: Zerg Zerg
  • Spawn Location: 5:00

VOD

Have the link to the VOD?

Description

Time

  • Played on: Dec. 4, 2019, 11:43 a.m.
  • Length: 11:05
Show
View Real Time Build Order
Export as new Build Order

Awers Terran - Winner!

Build Orders: Reaper Expand, Hellion Banshee, Mech 

Get SALT Encoding   

  12  0:00  SCV  
  13  0:13  SCV  
  14  0:17  Supply Depot  
  14  0:25  SCV  
  15  0:39  SCV, Barracks  
  15  0:42  Refinery  
  16  0:51  SCV  
  17  1:03  SCV  
  18  1:15  SCV  
  19  1:26  Reaper  
  19  1:27  Orbital Command  
  20  1:38  Command Center  
  20  1:45  Supply Depot  
  20  1:53  SCV  
  21  1:58  Marine  
  22  2:05  SCV  
  23  2:08  Factory  
  23  2:11  Refinery  
  23  2:17  SCV  
  23  2:21  Barracks Reactor  
  24  2:29  SCV  
  25  2:41  SCV  
  26  2:52  Orbital Command  
  26  2:54  Starport  
  26  2:55  SCV  
  27  3:03  Hellion x2  
  31  3:07  SCV  
  32  3:16  Supply Depot  
  32  3:17  SCV, Barracks Tech Lab  
  32  3:19  SCV  
  34  3:24  Hellion x2  
  38  3:31  SCV x2  
  40  3:39  Cloaking Field  
  40  3:40  Viking  
  42  3:43  SCV x2, Supply Depot  
  44  3:55  SCV x2  
  46  4:00  Command Center  
  46  4:07  SCV  
  46  4:08  SCV  
  48  4:10  Banshee  
  48  4:11  Refinery  
  48  4:15  Refinery  
  50  4:19  SCV  
  50  4:21  SCV  
  50  4:22  Supply Depot  
  52  4:31  SCV  
  52  4:33  SCV  
  52  4:35  Armory  
  52  4:36  Armory  
  54  4:42  Hellion  
  54  4:43  SCV  
  54  4:45  SCV  
  58  4:51  Hellion  
  60  4:55  SCV  
  60  4:56  Banshee  
  60  4:57  SCV  
  65  5:04  Factory  
  65  5:06  Factory  
  65  5:07  SCV  
  65  5:11  Barracks Tech Lab  
  65  5:12  Orbital Command  
  66  5:14  SCV  
  66  5:21  Supply Depot  
  67  5:22  SCV  
  68  5:28  SCV  
  68  5:34  SCV  
  70  5:37  Hellion x2  
  74  5:43  Barracks Reactor  
  74  5:45  SCV  
  75  5:50  Orbital Command  
  75  5:55  SCV  
  75  5:56  Terran Vehicle Weapons Level 1, Supply Depot, Terran Vehicle And Ship Armor Level 1  
  76  5:57  SCV  
  76  6:00  Thor  
  83  6:06  Thor  
  83  6:09  SCV, Refinery x2  
  88  6:11  SCV  
  88  6:16  SCV  
  89  6:22  Medivac x2  
  89  6:23  SCV  
  94  6:27  Engineering Bay, SCV  
  94  6:29  SCV  
  96  6:36  SCV, Hellion x2  
  101  6:40  Supply Depot x2  
  101  6:45  Factory  
  101  6:46  Factory  
  102  6:47  SCV  
  102  6:49  SCV  
  102  6:53  SCV  
  104  6:55  Siege Tank  
  104  6:59  SCV  
  108  7:01  Siege Tank, SCV  
  108  7:07  SCV  
  113  7:14  SCV, Hellion x2  
  118  7:17  Command Center  
  118  7:22  SCV  
  119  7:25  SCV, Supply Depot  
  119  7:26  Supply Depot x2  
  118  7:33  Liberator x2  
  110  7:39  Siege Tank x2, Hellion x2  
  110  7:40  SCV  
  115  7:49  Factory Tech Lab, Factory Reactor  
  115  7:51  Terran Vehicle Weapons Level 2  
  115  7:58  Infernal Pre-Igniter  
  115  8:04  SCV  
  120  8:05  Hellion  
  120  8:06  Hellion  
  120  8:08  SCV  
  120  8:10  Siege Tank  
  124  8:18  Terran Vehicle And Ship Armor Level 2  
  124  8:20  SCV  
  124  8:21  Command Center  
  124  8:25  Siege Tank  
  128  8:31  SCV x2  
  128  8:33  SCV  
  130  8:44  SCV  
  130  8:46  SCV  
  128  8:50  Siege Tank x2, Hellion x3  
  134  9:03  SCV  
  134  9:06  Planetary Fortress  
  134  9:07  Siege Tank, Hellion  
  137  9:11  Hellion  
  137  9:15  Factory  
  130  9:23  Siege Tank, Hellion x3  
  139  9:27  SCV  
  139  9:29  SCV  
  139  9:30  SCV  
  136  9:34  Hellion x3  
  136  9:36  Hellion  
  136  9:37  Hellion  
  140  9:39  SCV  
  140  9:42  Siege Tank  
  144  9:48  Supply Depot  
  144  9:49  Siege Tank  
  144  9:50  Sensor Tower, Missile Turret  
  147  9:59  Refinery  
  147  10:01  Supply Depot  
  147  10:02  Supply Depot  
  147  10:03  Siege Tank  
  147  10:04  Factory Tech Lab  
  147  10:05  Hellion  
  147  10:06  Hellion  
  154  10:12  Refinery  
  154  10:13  Orbital Command  
  154  10:14  SCV  
  154  10:19  Thor  
  161  10:23  Supply Depot, SCV  
  161  10:24  Fusion Core  
  162  10:35  Hellion  
  165  10:43  Hellion  
Show
View Real Time Build Order
Export as new Build Order

lIlIlIlIlIlI Zerg 

Build Orders: Hatch First, Lurkers, Roach Hydra 

Get SALT Encoding   

  12  0:01  Drone  
  13  0:12  Overlord  
  13  0:16  Drone  
  14  0:31  Drone x2  
  16  0:48  Hatchery  
  15  0:51  Drone  
  15  0:55  Drone  
  17  0:58  Drone  
  18  1:08  Extractor  
  17  1:14  Spawning Pool  
  17  1:16  Drone  
  17  1:19  Drone  
  18  1:28  Drone  
  19  1:38  Overlord  
  19  1:49  Drone  
  20  2:00  Queen  
  22  2:01  Queen  
  22  2:02  Zergling x2  
  22  2:04  Zergling x2  
  26  2:11  Metabolic Boost  
  26  2:13  Drone x2  
  28  2:22  Drone  
  29  2:25  Drone  
  29  2:33  Drone x2  
  31  2:40  Queen x2  
  35  2:47  Overlord  
  35  2:52  Extractor  
  35  2:53  Drone  
  36  3:05  Drone x2  
  38  3:06  Hatchery  
  38  3:07  Drone  
  38  3:09  Drone  
  38  3:12  Overlord  
  39  3:15  Drone  
  39  3:19  Drone  
  41  3:23  Drone x2  
  43  3:33  Overlord  
  44  3:34  Drone  
  44  3:41  Drone  
  45  3:43  Roach Warren  
  45  3:46  Extractor  
  43  3:49  Drone x2  
  43  3:50  Overlord  
  43  3:53  Queen  
  47  3:57  Lair  
  47  3:58  Zergling x6  
  50  4:12  Drone x3  
  50  4:13  Zergling x2  
  54  4:18  Drone  
  54  4:19  Queen, Evolution Chamber  
  54  4:20  Evolution Chamber  
  55  4:26  Drone  
  55  4:27  Drone x5  
  55  4:30  Drone x2  
  63  4:32  Extractor, Drone  
  63  4:37  Drone  
  64  4:40  Drone x2  
  66  4:53  Drone x3  
  66  4:54  Zerg Missile Weapons Level 1  
  66  4:57  Queen x2  
  66  4:59  Spore Crawler  
  72  5:00  Drone  
  72  5:01  Spore Crawler  
  72  5:02  Drone  
  72  5:06  Spore Crawler  
  72  5:07  Drone  
  73  5:17  Overlord  
  73  5:20  Zerg Ground Armor Level 1  
  73  5:21  Glial Reconstitution  
  73  5:28  Overseer  
  73  5:51  Overlord x3  
  73  5:52  Overlord  
  73  5:56  Hydralisk Den  
  72  5:58  Drone  
  73  6:09  Overlord x2  
  73  6:11  Drone x10  
  74  6:15  Hatchery  
  83  6:18  Drone x2  
  83  6:23  Drone  
  85  6:29  Grooved Spines  
  85  6:30  Roach  
  85  6:31  Lurker Den, Roach x3  
  92  6:36  Extractor x2  
  92  6:38  Hydralisk x2  
  94  6:41  Roach  
  94  6:47  Extractor, Drone  
  96  6:48  Drone x2  
  96  6:49  Drone  
  99  6:54  Drone  
  99  6:55  Hydralisk x3  
  99  6:57  Hydralisk  
  99  6:59  Overlord  
  107  7:07  Roach x2  
  107  7:08  Roach x4  
  117  7:10  Roach  
  121  7:19  Overlord x2  
  121  7:21  Roach x4  
  129  7:28  Roach x3  
  121  7:49  Overlord x2  
  121  7:52  Drone  
  121  7:53  Hydralisk x7  
  136  8:02  Hatchery  
  136  8:03  Lurker  
  136  8:04  Lurker x2  
  136  8:05  Overlord x2  
  138  8:06  Zergling x2  
  139  8:16  Evolution Chamber  
  136  8:22  Zergling x12  
  136  8:23  Roach x2  
  146  8:35  Roach  
  146  8:36  Roach x2  
  152  8:42  Roach x4  
  152  8:43  Roach x3  
  152  8:47  Hydralisk  
  152  8:48  Hydralisk  
  168  8:49  Hydralisk  
  168  8:50  Hydralisk  
  168  8:55  Hydralisk x2  
  160  9:02  Hydralisk x2  
  143  9:06  Muscular Augments  
  143  9:07  Drone x4  
  143  9:09  Drone x2  
  132  9:22  Drone x7  
  129  9:27  Infestation Pit  
  129  9:29  Extractor  
  123  9:36  Overseer  
  117  9:41  Extractor  
  117  9:43  Roach x3  
  120  9:48  Hydralisk  
  120  9:49  Roach  
  120  9:50  Roach  
  126  9:54  Drone x2  
  126  9:55  Drone x4  
  126  9:57  Hydralisk x2  
  126  9:59  Drone x5  
  141  10:06  Roach x2  
  145  10:07  Roach x2  
  145  10:08  Roach  
  145  10:09  Roach  
  145  10:12  Roach x2  
  145  10:13  Hatchery  
  156  10:19  Lurker  
  142  10:33  Drone x4  
  142  10:34  Drone x6  
  134  10:41  Drone x2  
  134  10:42  Drone  
  136  10:46  Drone  
Tags
 
Add a new tag
Caveats
  • Supply blocks, unpowered buildings, or Contaminate may cause inaccurate times.
  • Supply counts are checked every 10 seconds.